 Dungeon Sprint DCSS version 0.28.0-53-g5a82cb258f (webtiles) character file.

Game seed: 14697367313248602333

3371 Zeld the Eclecticist (level 9, -9/45 HPs)
             Began as a Deep Elf Conjurer on May 30, 2022.
             Was a High Priest of Sif Muna.
             Mangled by a ghost moth (11 damage)
             ... called by a spriggan druid
             ... in the Dungeon (Sprint IV: "Fedhas' Mad Dash").
             The game lasted 00:03:50 (3702 turns).

Zeld the Eclecticist (Deep Elf Conjurer)            Turns: 3702, Time: 00:03:51

Health: -9/45      AC:  2    Str:  3 (4)  XL:     9   Next: 73%
Magic:  29/34      EV: 12    Int: 28      God:    Sif Muna [*****.]
Gold:   82         SH:  0    Dex: 13      Spells: 33/47 levels left

rFire   . . .      SeeInvis .   (no weapon)
rCold   . . .      Faith    .   (no shield)
rNeg    . . .      Spirit   .   a - +0 robe
rPois   .          Reflect  .   (no helmet)
rElec   .          Harm     .   (no cloak)
rCorr   .          Rampage  .   (no gloves)
Will    .....      NoTele   +   (no boots)
Stlth   ++++......              h - amulet of invisibility {+Inv}
HPRegen 0.15/turn               (no ring)
MPRegen 0.24/turn               (no ring)

@: very slightly contaminated, invisible
A: no striking features
a: Renounce Religion, Evoke Invisibility, Channel Magic, Forget Spell, Divine
Exegesis


You were in the Dungeon.
You worshipped Sif Muna.
Sif Muna was extremely pleased with you.
You visited 1 branch You collected 182 gold pieces.
You spent 100 gold pieces at shops.

Inventory:

Armour
 a - a +0 robe (worn)
Jewellery
 h - the amulet of invisibility (around neck) {+Inv}
   (You found it in the Dungeon)

   [amulet of nothing]

   +Inv:      It lets you turn invisible.
Scrolls
 g - a scroll of blinking
 j - a scroll of enchant weapon {unknown}
 k - a scroll of fear {unknown}
 m - a scroll of magic mapping {unknown}
Potions
 b - 2 potions of flight {unknown}
 c - a potion of heal wounds
 d - a potion of haste
 e - 2 potions of magic
 f - a potion of berserk rage
 i - a potion of invisibility {unknown}
 n - a potion of curing
Miscellaneous
 l - a phantom mirror


   Skills:
 - Level 2.4 Dodging
 - Level 8.0 Stealth
 * Level 19.6 Spellcasting
 * Level 17.1 Conjurations
 - Level 2.0 Hexes
 - Level 2.0 Translocations


You had 33 spell levels left.
You knew the following spells:

 Your Spells              Type           Power      Damage    Failure   Level
a - Magic Dart            Conj           100%       1d8       0%          1
b - Searing Ray           Conj           100%       2d8       0%          2
c - Fulminant Prism       Conj/Hex       34%        3d16      1%          4
d - Iskenderun's Mystic   Conj/Tloc      69%        2d14      1%          4
z - Dazzling Flash        Conj/Hex       100%       N/A       1%          3

Your spell library contained the following spells:

 Spells                   Type           Power      Damage    Failure   Level
 Stone Arrow              Conj/Erth      100%       3d13      1%          3
 Passwall                 Tmut/Erth      22%        N/A       2%          2
 Iron Shot                Conj/Erth      33%        9d7       7%          6
 Dispel Undead            Necr           27%        3d13      16%         4
 Agony                    Necr           27%        N/A       38%         5
 Haunt                    Necr/Summ      13%        N/A       100%        7


Dungeon Overview and Level Annotations

Branches:
Dungeon (1/1)

Altars:
Cheibriados
Dithmenos
Elyvilon
Gozag
Hepliaklqana
Kikubaaqudgha
Makhleb
Nemelex Xobeh
Okawaru
Qazlal
Ru
Sif Muna
Trog
Uskayaw
Vehumet
Wu Jian
Xom
Yredelemnul
Zin
The Shining One
Beogh
Jiyva
Lugonu

Shops:
D (=?*


Message History

You can't see any susceptible monsters within range! (Use Z to cast anyway.)
Found a flail.
Things that are here:
a +0 quarterstaff; a +0 robe; a spriggan corpse You now have 75 gold pieces (gained 9).
You now have 82 gold pieces (gained 7).
Things that are here:
a +0 quarterstaff; a +0 robe; a spriggan corpse You see here a +0 flail.
Things that are here:
a +0 quarterstaff; a +0 robe; a spriggan corpse You start resting.
There is a strange disturbance nearby!
There is a strange disturbance nearby!
You fail to use your ability.
You fade into invisibility!
You are very lightly contaminated with residual magic.
You start resting.
There is a strange disturbance nearby!
There is a strange disturbance nearby!
There is a strange disturbance nearby!
Casting: Iskenderun's Mystic Blast (safe; 1% risk of failure)
Confirm with . or Enter, or press ? or * to list all spells.
You can't see any susceptible monsters within range! (Use Z to cast anyway.) Unknown command.
Something hits you!
Deactivating autopickup; reactivate with Ctrl-A.
Something barely misses you. Something stings you.
You hit something. Something hits you but does no damage. Something hits you.
Something stings you!
You feel weakened.
Casting: Iskenderun's Mystic Blast (safe; 1% risk of failure)
Confirm with . or Enter, or press ? or * to list all spells.
You can't see any susceptible monsters within range! (Use Z to cast anyway.)
Something hits you!!
* * * LOW HITPOINT WARNING * * *
Something hits you.
* * * LOW HITPOINT WARNING * * *
Something stings you!
You die...

...'.#(..'.._._._._._..'..#...#..
...#.#...#..._._._._...#..###'##.
#######'##.._._._._._..#..##∩∩.'.
.....'...#._._._._._.⌠.##########
.....#...###############
.♣..######♣♣♣♣♣..♣)#
######.|'......♣..♣#
'.......#♣..♣♣♣.♣).#
#.......#.♣♣.(♣.@.♣+
###################


There were no monsters in sight!

Vanquished Creatures
  A spriggan druid (D)
  2 oklob plants (D)
  3 burning bushes (D)
  A queen bee (D)
  3 wandering mushrooms (D)
  3 scorpions (D)
  4 killer bees (D)
  5 oklob saplings (D)
  2 spriggans (D)
  A river rat (D)
  A rat (D)
26 creatures vanquished.

Vanquished Creatures (others)
  13 fulminant prisms (D)
  4 fungi (D)
17 creatures vanquished.

Grand Total: 43 creatures vanquished

Notes
Turn   | Place    | Note
-------+----------+-------------------------------------------
     0 | D        | Zeld the Deep Elf Conjurer began the quest for the Orb.
     0 | D        | Reached XP level 1. HP: 10/10 MP: 6/6
    77 | D        | Reached skill level 4 in Spellcasting
    77 | D        | Reached skill level 5 in Conjurations
    77 | D        | Reached skill level 1 in Hexes
    77 | D        | Reached skill level 1 in Translocations
    77 | D        | Reached XP level 2. HP: 15/15 MP: 0/9
    90 | D        | Learned a level 2 spell: Searing Ray
   193 | D        | Noticed an oklob sapling
   196 | D        | Killed an oklob sapling
   197 | D        | Reached skill level 6 in Spellcasting
   197 | D        | Reached XP level 3. HP: 19/19 MP: 5/12
   201 | D        | Learned a level 3 spell: Dazzling Flash
   372 | D        | Noticed a scorpion
   372 | D        | Found the amulet of invisibility {+Inv}
   379 | D        | Killed a scorpion
   380 | D        | Reached skill level 8 in Spellcasting
   380 | D        | Reached XP level 4. HP: 14/24 MP: 4/16
   385 | D        | Learned a level 4 spell: Fulminant Prism
   390 | D        | Learned a level 4 spell: Iskenderun's Mystic Blast
  1025 | D        | Found an opulent altar of Gozag.
  1025 | D        | Found a hazy altar of Hepliaklqana.
  1025 | D        | Found a burning altar of Makhleb.
  1025 | D        | Found a sparkling altar of Nemelex Xobeh.
  1025 | D        | Found a snail-covered altar of Cheibriados.
  1025 | D        | Found a sacrificial altar of Ru.
  1025 | D        | Found a shimmering blue altar of Sif Muna.
  1025 | D        | Found a shimmering altar of Xom.
  1025 | D        | Found a basalt altar of Yredelemnul.
  1026 | D        | Found a viscous altar of Jiyva.
  1026 | D        | Found a bloodstained altar of Trog.
  1026 | D        | Found an ornate altar of the Wu Jian Council.
  1027 | D        | Found an iron altar of Okawaru.
  1027 | D        | Found a shadowy altar of Dithmenos.
  1027 | D        | Found a glowing silver altar of Zin.
  1028 | D        | Found a hide-covered altar of Uskayaw.
  1028 | D        | Found an ancient bone altar of Kikubaaqudgha.
  1029 | D        | Found a stormy altar of Qazlal.
  1029 | D        | Found a glowing golden altar of the Shining One.
  1029 | D        | Found a white marble altar of Elyvilon.
  1030 | D        | Found a radiant altar of Vehumet.
  1030 | D        | Found a corrupted altar of Lugonu.
  1032 | D        | Became a worshipper of Sif Muna the Loreminder
  1140 | D        | Noticed a queen bee
  1144 | D        | Reached * piety under Sif Muna
  1145 | D        | Reached skill level 5 in Stealth
  1145 | D        | Reached skill level 10 in Spellcasting
  1145 | D        | Reached XP level 5. HP: 28/28 MP: 7/20
  1146 | D        | Reached skill level 11 in Spellcasting
  1146 | D        | Reached skill level 10 in Conjurations
  1146 | D        | Reached XP level 6. HP: 32/32 MP: 3/22
  1826 | D        | Reached ** piety under Sif Muna
  2068 | D        | Reached skill level 12 in Spellcasting
  2440 | D        | Found Noef's Jewellery Shop.
  2440 | D        | Found Tipuimim's Weapon Emporium.
  2452 | D        | Noticed a burning bush
  2452 | D        | Noticed a wandering mushroom
  2455 | D        | Reached *** piety under Sif Muna
  2455 | D        | Noticed a wandering mushroom
  2456 | D        | Reached skill level 13 in Spellcasting
  2456 | D        | Reached XP level 7. HP: 36/36 MP: 14/25
  2457 | D        | Killed a burning bush
  2458 | D        | Reached skill level 14 in Spellcasting
  2458 | D        | Killed a wandering mushroom
  2458 | D        | Killed a wandering mushroom
  2458 | D        | Reached **** piety under Sif Muna
  2459 | D        | Reached skill level 15 in Spellcasting
  2459 | D        | Reached XP level 8. HP: 41/41 MP: 8/29
  2658 | D        | Found Qeceik's Assorted Antiques.
  2658 | D        | Found Zonost's Magic Scroll Shoppe.
  2669 | D        | Bought a scroll labelled GEXIDEA RAZYO for 25 gold pieces
  2669 | D        | Bought a potion of curing for 75 gold pieces
  2713 | D        | Killed a queen bee
  2714 | D        | Reached skill level 16 in Spellcasting
  2913 | D        | Noticed an oklob plant
  2920 | D        | Killed an oklob plant
  2921 | D        | Reached skill level 17 in Spellcasting
  2921 | D        | Reached skill level 15 in Conjurations
  3093 | D        | Noticed a burning bush
  3099 | D        | Killed a burning bush
  3100 | D        | Reached XP level 9. HP: 45/45 MP: 18/32
  3378 | D        | Noticed a burning bush
  3378 | D        | Noticed an oklob plant
  3382 | D        | Killed a burning bush
  3412 | D        | Noticed a wandering mushroom
  3417 | D        | Reached ***** piety under Sif Muna
  3418 | D        | Reached skill level 18 in Spellcasting
  3423 | D        | Killed an oklob plant
  3423 | D        | Killed a wandering mushroom
  3423 | D        | Received a gift from Sif Muna
  3424 | D        | Reached skill level 19 in Spellcasting
  3426 | D        | Got Sif Muna's Papyrus of the Dark Rocks {god gift}
  3664 | D        | Noticed a spriggan druid
  3667 | D        | Killed a spriggan druid
  3702 | D        | HP: 2/45 [something (2)]
  3702 | D        | Mangled by a ghost moth

Illustrated notes

Levels and vault maps discovered:
D:        dungeon_sprint_fedhas [sprint_temple]

Skill      XL: |  1  2  3  4  5  6  7  8  9 |
---------------+----------------------------+-----
Spellcasting   | 4 6 8 10 11 13 15 17 19 | 19.6
Conjurations   | 5 6 7 9 10 11 13 15 17 | 17.1
Hexes          | 1 2 |  2.0
Translocations | 1 2 |  2.0
Stealth        | 5 7 8 |  8.0
Dodging        | |  2.4

Action                   |  1- 3 |  4- 6 |  7- 9 || total
-------------------------+-------+-------+-------++-------
Melee: Unarmed           |    14 |       |     1 ||    15
 Cast: Magic Dart        |     7 |       |       ||     7
       Searing Ray       |     3 |     7 |     8 ||    18
       Iskenderun's Myst |       |     9 |    10 ||    19
       Fulminant Prism   |       |     6 |     7 ||    13
 Abil: Evoke Invisibilit |       |     8 |     5 ||    13
  Use: Potion            |       |     1 |       ||     1
Armor: Robe              |     3 |       |     1 ||     4
Dodge: Dodged            |     7 |     2 |     3 ||    12
